 Dungeon Crawl Stone Soup version 0.28.0-43-g3370ac3207 (webtiles) character file.

Game seed: 17239125085496338173

230792 DearestLeader the Tortoise (level 18, -12/180 HPs)
             Began as a Minotaur Fighter on Mar 16, 2022.
             Was the Champion of Okawaru.
             Mangled by a naga
             ... wielding a +0 glaive
              (23 damage)
             ... on level 2 of the Snake Pit.
             The game lasted 01:22:41 (39129 turns).

DearestLeader the Tortoise (Minotaur Fighter)      Turns: 39129, Time: 01:22:43

Health: -12/180    AC: 43    Str: 24 (25) XL:     18   Next: 77%
Magic:  24/24      EV: 12    Int:  5      God:    Okawaru [******]
Gold:   2581       SH:  7    Dex: 18      Spells: 17/17 levels left

rFire   + . .      SeeInvis .   Z - +5 broad axe (venom)
rCold   + + .      Faith    +   j - +0 buckler of Aplomoxt {rN++ Regen+ Int-4 Slay+3}
rNeg    + + +      Spirit   .   C - +10 plate armour of Nemelex Xobeh's Regard {rCorr Int+2}
rPois   +          Reflect  .   Q - +2 hat of Ybexeme {rC+ rN+}
rElec   .          Harm     .   E - +2 cloak
rCorr   +          Rampage  .   p - +2 pair of gloves {Dex+3}
Will    ++...                   P - +2 pair of boots
Stlth   ..........              z - amulet of Dishonesty {Faith rF+ Dex+5}
HPRegen 1.20/turn               w - ring "Zuboaz" {+Blink rPois rC+ rN+ Str-2}
MPRegen 0.19/turn               t - ring of willpower

@: slowed, constricted, studying 2 skills, very slow
A: horns 2, retaliatory headbutt, deterioration 1
}: 1/15 runes: decaying
a: Renounce Religion, Evoke Blink, Heroism, Finesse, Duel


You were on level 2 of the Snake Pit.
You worshipped Okawaru.
Okawaru was exalted by your worship.
You visited 7 branches of the dungeon, and saw 31 of its levels.
You also visited: Sewer, Bailey and Volcano.

You collected 2856 gold pieces.
You spent 275 gold pieces at shops.

Inventory:

Hand Weapons
 R - a +1 demon trident of venom
 Z - a +5 broad axe of venom (weapon)
Missiles
 v - 286 bolts
 H - 2 silver javelins (quivered)
 O - a throwing net
Armour
 c - the +15 Maxwell's patent armour {-Cast -Tele rElec Will+ rCorr}
   (You found it on level 15 of the Dungeon)

   rElec:     It insulates you from electricity.
   -Cast:     It prevents spellcasting.
   -Tele:     It prevents most forms of teleportation.
   rCorr:     It protects you from acid and corrosion.
   Will:      It increases your willpower.
 j - the +0 buckler of Aplomoxt (worn) {rN++ Regen+ Int-4 Slay+3}
   (Okawaru gifted it to you on level 14 of the Dungeon)

   Int:       It affects your intelligence (-4).
   Slay:      It affects your accuracy & damage with ranged weapons and melee
   (+3).
   rN:        It greatly protects you from negative energy.
   Regen:     It increases your rate of health regeneration.
 p - a +2 pair of gloves of dexterity (worn)
 C - the +10 plate armour of Nemelex Xobeh's Regard (worn) {rCorr Int+2}
   (You found it on level 6 of the Dungeon)

   Int:       It affects your intelligence (+2).
   rCorr:     It protects you from acid and corrosion.
 E - a +2 cloak (worn)
 P - a +2 pair of boots (worn)
 Q - the +2 hat of Ybexeme (worn) {rC+ rN+}
   (Okawaru gifted it to you on level 1 of the Lair of Beasts)

   rC:        It protects you from cold.
   rN:        It protects you from negative energy.
Jewellery
 o - a ring of protection from cold
 t - a ring of willpower (right hand)
 u - a +4 ring of evasion
 w - the ring "Zuboaz" (left hand) {+Blink rPois rC+ rN+ Str-2}
   (You found it on level 1 of the Elven Halls)

   [ring of protection from cold]

   Str:       It affects your strength (-2).
   rC:        It protects you from cold.
   rPois:     It protects you from poison.
   rN:        It protects you from negative energy.
   +Blink:    It lets you blink.
 z - the amulet of Dishonesty (around neck) {Faith rF+ Dex+5}
   (You found it on level 6 of the Dungeon)

   [amulet of faith]

   It allows you to gain divine favour quickly.
   Dex:       It affects your dexterity (+5).
   rF:        It protects you from fire.
 G - a +6 ring of intelligence
 L - a ring of flight
 S - the dreamshard necklace {*Dream Drain}
   (You found it in a volcano)

   [amulet of nothing]

   It shatters if its wearer takes lethal or near-lethal damage, preventing the
   blow and releasing protective dreams that heal and fight for the wearer.
   Drain:     It drains your maximum health when unequipped.
 V - a +6 ring of intelligence
 W - a ring of wizardry
Wands
 r - a wand of flame (105)
 s - a wand of iceblast (51)
 M - a wand of paralysis (18)
 N - a wand of acid (25)
Scrolls
 l - 10 scrolls of teleportation
 n - a scroll of blinking
 x - 6 scrolls of fear
 y - 3 scrolls of enchant armour
 A - 4 scrolls of holy word
 F - 3 scrolls of silence
 I - 6 scrolls of fog
 J - 2 scrolls of enchant weapon
 K - 5 scrolls of magic mapping
 X - 6 scrolls of amnesia
Potions
 d - 5 potions of might
 e - 7 potions of lignification
 f - 4 potions of magic
 g - 6 potions of curing
 h - 10 potions of brilliance
 i - 6 potions of haste
 k - 9 potions of ambrosia
 m - 3 potions of flight
 q - 5 potions of resistance
 B - 4 potions of mutation
 D - 3 potions of cancellation
 T - a potion of heal wounds
 U - a potion of berserk rage
 Y - 4 potions of invisibility
Miscellaneous
 a - a piece from Xom's chessboard (15/15)
 b - a piece from Xom's chessboard (15/15)


   Skills:
 + Level 20.7 Fighting
 - Level 18.0 Axes
 + Level 11.1 Crossbows
 + Level 20.8 Armour
 + Level 14.4 Dodging
 + Level 10.1 Shields
 - Level 10.0 Invocations
 - Level 5.0 Evocations


You had 17 spell levels left.
You didn't know any spells.
Your spell library contained the following spells:

 Spells                   Type           Power      Damage    Failure   Level
 Freeze                   Ice            0%         1d3       98%         1
 Magic Dart               Conj           0%         1d3       98%         1
 Searing Ray              Conj           0%         2d4       99%         2
 Static Discharge         Conj/Air       0%         N/A       99%         2
 Sublimation of Blood     Necr           0%         N/A       99%         2
 Wereblood                Tmut           0%         N/A       99%         2
 Conjure Flame            Conj/Fire      0%         6-21      100%        3
 Frozen Ramparts          Ice            0%         1d2       100%        3
 Ignite Poison            Fire/Tmut/Pois 0%         N/A       100%        3
 Inner Flame              Hex/Fire       0%         N/A       100%        3
 Mephitic Cloud           Conj/Pois/Air  0%         N/A       100%        3
 Portal Projectile        Hex/Tloc       0%         N/A       100%        3
 Stone Arrow              Conj/Erth      0%         3d7       100%        3
 Vampiric Draining        Necr           0%         2d6       100%        3
 Anguish                  Hex/Necr       0%         N/A       100%        4
 Cause Fear               Hex            0%         N/A       100%        4
 Dispel Undead            Necr           0%         3d6       100%        4
 Fulminant Prism          Conj/Hex       0%         3d6       100%        4
 Hailstorm                Conj/Ice       0%         3d3       100%        4
 Leda's Liquefaction      Hex/Erth       0%         N/A       100%        4
 Passage of Golubria      Tloc           0%         N/A       100%        4
 Petrify                  Tmut/Erth      0%         N/A       100%        4
 Sticky Flame             Conj/Fire      0%         2d3       100%        4
 Iskenderun's Battlesphe  Conj           0%         2d6       100%        5
 Metabolic Englaciation   Hex/Ice        0%         N/A       100%        5
 Yara's Violent Unravell  Hex/Tmut       0%         3d3       100%        5
 Eringya's Noxious Bog    Tmut/Pois      0%         N/A       100%        6
 Iron Shot                Conj/Erth      0%         9d1       100%        6
 Statue Form              Tmut/Erth      0%         N/A       100%        6
 Enfeeble                 Hex            0%         N/A       100%        7
 Orb of Destruction       Conj           0%         9d5       100%        7
 Discord                  Hex            0%         N/A       100%        8
 Lehudib's Crystal Spear  Conj/Erth      0%         10d2      100%        8
 Chain Lightning          Conj/Air       0%         N/A       100%        9
 Death's Door             Necr           0%         N/A       100%        9
 Fire Storm               Conj/Fire      0%         5d1       100%        9
 Animate Skeleton         Necr           Unusable   N/A       N/A         1
 Call Imp                 Summ           Unusable   N/A       N/A         2
 Call Canine Familiar     Summ           Unusable   N/A       N/A         3
 Summon Guardian Golem    Hex/Summ       Unusable   N/A       N/A         3
 Tukima's Dance           Hex            Unusable   N/A       N/A         3
 Animate Armour           Summ/Erth      Unusable   N/A       N/A         4
 Summon Forest            Summ/Tloc      Unusable   N/A       N/A         5
 Spellforged Servitor     Conj/Summ      Unusable   N/A       N/A         7
 Summon Hydra             Summ           Unusable   N/A       N/A         7

Dungeon Overview and Level Annotations

Branches:
Dungeon (15/15)            Temple (1/1) D:6            Lair (6/6) D:8
  Swamp (4/4) Lair:3        Snake (2/4) Lair:2        Slime (0/5) Lair:5
    Orc (2/2) D:10            Elf (1/3) Orc:2        Vaults (0/5) D:14
 Depths (0/4) D:15          Sewer (visited)          Bailey (visited)
Volcano (visited)

Altars:
Hepliaklqana
Nemelex Xobeh
Okawaru
Uskayaw
Yredelemnul
Zin
Beogh
Jiyva

Shops:
D:1 *   D:9 *   Orc:1 *   Orc:2 :!:(

Portals:
Trove: D:14 (give 8 potions of haste)


Innate Abilities, Weirdness & Mutations

You have a pair of horns on your head.
You reflexively headbutt those who attack you in melee.
Your body sometimes deteriorates upon taking damage.


Message History

The splash of poison misses you. You block the naga's attack.
The naga grabs you. The naga constricts you. The salamander barely misses you.
You slash the naga!
The naga is almost dead.
You slash the naga warrior!
The naga warrior looks as sick as possible!
The salamander closely misses you. The naga barely misses you.
You block the naga's attack.
Unknown command.
You slash the naga warrior! You headbutt the naga warrior!
The naga warrior is heavily wounded.
You slash the naga!
You kill the naga!
Okawaru accepts your kill.
The naga no longer looks unusually strong.
The salamander hits you from afar with a +0 glaive!
* * * LOW HITPOINT WARNING * * *
You are engulfed in flames.
You resist.
* * * LOW HITPOINT WARNING * * *
The naga barely misses you. x2
Unknown command.
You hit the naga warrior but do no damage.
You headbutt the naga warrior.
The naga warrior is heavily wounded.
You block the salamander's attack. The naga barely misses you. x2
Unknown command.
You completely miss the naga warrior. Your headbutt misses the naga warrior.
The naga warrior is heavily wounded.
You slash the naga!
The naga is poisoned.
The naga no longer looks unusually strong.
The naga warrior hits you with a +0 short sword!
* * * LOW HITPOINT WARNING * * *
The naga warrior grabs you. The naga warrior constricts you.
You block the salamander's attack. The naga spits poison at you.
The splash of poison hits you but does no damage.
The naga hits you from afar with a +0 halberd!
* * * LOW HITPOINT WARNING * * *
The naga hits you from afar with a +0 glaive!!
You die...

....#....... ..# ...##.....#
####.# # ..##......####..#..
.# ..#..........##...######.#
.(#...........#..........#
..(...........##.........# ..
[##............##........#.2.
................#NN...)...N..
..##...?.####...@NNN[)...#
...#.##### ######N.#)####
.#.###... ####..N...#
##....... NNN....# #........
...>....# .........
.........# #........
......##### #........
####...# ..######. #####


You could see a naga warrior (strong, curare, extremely poisoned, catching
breath), a salamander and 4 nagas.

Vanquished Creatures
  Saint Roka (Snake:2)
  6 tentacled monstrosities
  Asterion (Snake:2)
  Gastronok (Lair:1)
  Frances (D:12)
  2 thorn hunters (Swamp:4)
  7 fenstrider witches
  A deep elf sorcerer (Elf:1)
  An orc warlord (Orc:2)
  Louise (Swamp:4)
  A quicksilver ooze (shapeshifter) (D:15)
  A deep elf elementalist (Elf:1)
  3 ghouls
  Nessos (D:13)
  4 eleionomae
  A deep elf annihilator (Elf:1)
  A deep elf demonologist (Elf:1)
  4 bunyips
  A dire elephant (Lair:6)
  An ettin (D:15)
  The ghost of Geoveqybb the Carver, a journeyman DgSk (Lair:3)
  A blizzard demon (Swamp:4)
  A green death (Swamp:4)
  A shambling mangrove (Swamp:1)
  Snorg (Lair:5)
  Josephine (D:11)
  2 spriggan air magi (Swamp:4)
  7 boulder beetles
  Harold (D:9)
  6 naga warriors
  A ghost crab (Swamp:3)
  14 hydras
  6 anacondas
  6 ogre magi
  3 centaur warriors
  A catoblepas (Lair:6)
  Erica (D:11)
  12 dancing weapons (Elf:1)
  5 alligators
  A death knight (D:15)
  14 two-headed ogres
  8 death yaks
  Urug (Orc:2)
  2 tengu warriors (D:15)
  5 orc high priests (Orc:2)
  A spriggan berserker (Swamp:4)
  2 shock serpents (Snake:1)
  4 naga sharpshooters
  The ghost of Elsvaer the Thaumaturge, a journeyman DECj of Vehumet (Orc:1)
  2 soul eaters (Swamp:4)
  6 deep elf knights (Elf:1)
  A sun demon (Volcano)
  2 salamander mystics (Snake:2)
  5 skeletal warriors
  2 death drakes (Swamp:4)
  2 naga ritualists
  5 spriggan druids
  6 goliath frogs
  A lindwurm (Lair:6)
  8 bog bodies
  5 swamp dragons
  3 spriggan simulacra (D:14)
  7 deep elf archers (Elf:1)
  2 wizards (Elf:1)
  An orb spider (shapeshifter) (D:14)
  Pikel (D:9)
  19 deep elf zephyrmancers
  9 orc knights
  2 necromancers (D:15)
  11 deep elf pyromancers
  A mana viper (Snake:1)
  The ghost of Elsvaer the Thaumaturge, a novice DECj of Qazlal (D:7)
  5 will-o-the-wisps
  4 manticores
  6 salamanders
  A wolf spider zombie (D:14)
  5 orc sorcerers
  3 cyclopes
  9 ugly things
  6 naga magi
  A guardian serpent (Snake:1)
  13 elephants
  16 black mambas
  2 molten gargoyles (Volcano)
  A torpor snail (Lair:6)
  13 cane toads
  2 rime drakes (Lair:6)
  An orange demon (Swamp:4)
  An unseen horror (D:11)
  Maggie (D:9)
  A yaktaur (D:15)
  A freezing wraith (D:14)
  13 komodo dragons
  2 anaconda simulacra (D:14)
  2 kobold demonologists (D:11)
  A guardian mummy (D:14)
  A red devil (Volcano)
  9 trolls
  11 polar bears
  3 meliai (D:15)
  3 hornets
  12 tyrant leeches
  Prince Ribbit (Lair:2)
  23 blink frogs
  A queen bee (D:15)
  Grinder (D:6)
  2 raiju (Lair:6)
  10 slime creatures
  8 dream sheep
  A meliai zombie (D:14)
  6 air elementals (Elf:1)
  Sigmund (D:6)
  5 spriggans
  7 wraiths
  A dire elephant simulacrum (D:14)
  48 yaks
  2 fire bats (Volcano)
  2 water elementals (Elf:1)
  A yak (shapeshifter) (D:14)
  Eustachio (D:4)
  4 basilisks
  3 wyverns
  A steam dragon (D:8)
  4 fire elementals (Elf:1)
  4 chaos spawn (Swamp:4)
  A minotaur simulacrum (D:14)
  2 neqoxecs (Swamp:4)
  30 vampire mosquitoes
  13 nagas
  11 wargs
  3 acid dragons
  19 water moccasins
  19 swamp worms
  15 hell hounds
  3 swamp drakes
  A sky beast (D:6)
  62 orc warriors
  13 black bears
  A hornet zombie (D:14)
  4 necrophages
  10 ogres
  17 wolves
  12 centaurs
  5 boggarts
  2 lemures (D:9)
  9 kobold brigands
  7 bullfrogs
  2 scorpions
  A deep troll simulacrum (D:14)
  A gnoll sergeant (D:6)
  2 wyvern skeletons
  A hornet simulacrum (D:15)
  26 killer bees
  10 wights
  9 electric eels
  7 lava snakes (Volcano)
  2 howler monkeys
  17 centaur zombies
  5 jellies
  3 bullfrog skeletons
  2 hounds
  33 orc priests
  A human zombie (D:10)
  Natasha (thrice) (D:4)
  3 iguanas
  25 orc wizards
  A hound skeleton (D:4)
  Robin (D:4)
  4 howler monkey zombies
  21 gnolls
  4 adders
  5 river rats
  A shadow imp (D:8)
  4 white imps
  4 worms
  A dart slug (D:2)
  137 orcs
  13 endoplasms
  4 giant cockroaches
  25 goblins
  14 hobgoblins
  7 jackals
  4 quokkas
  9 ball pythons
  3 bats
  8 frilled lizards
  43 kobolds
  16 rats
1279 creatures vanquished.

Vanquished Creatures (others)
  2 deep elf zephyrmancers (Elf:1)
  An ugly thing (D:15)
  An unseen horror (D:12)
  18 foxfires
  31 fungi
  52 plants
105 creatures vanquished.

Grand Total: 1384 creatures vanquished

Notes
Turn   | Place    | Note
-------+----------+-------------------------------------------
     0 | D:1      | DearestLeader the Minotaur Fighter began the quest for the
                  | Orb.
     0 | D:1      | Reached XP level 1. HP: 19/19 MP: 0/0
    24 | D:1      | Got the Compendium of Ghastly Earth
   303 | D:1      | Reached XP level 2. HP: 25/27 MP: 1/1
   407 | D:1      | Found a faded altar of an unknown god.
   875 | D:1      | Found Tyjari's Assorted Antiques.
   949 | D:1      | Bought a scroll labelled HIAHOWN XUITU for 25 gold pieces
   949 | D:1      | Bought a scroll labelled KYFEUT ALIRI for 25 gold pieces
  1036 | D:2      | Reached XP level 3. HP: 27/33 MP: 2/2
  1163 | D:2      | Found a hazy altar of Hepliaklqana.
  2034 | D:3      | Reached skill level 1 in Dodging
  2034 | D:3      | Reached XP level 4. HP: 35/40 MP: 3/3
  2168 | D:3      | Reached XP level 5. HP: 47/47 MP: 4/4
  2885 | D:4      | Reached skill level 5 in Axes
  2911 | D:4      | Noticed Natasha
  2921 | D:4      | Killed Natasha
  3035 | D:4      | Noticed Robin
  3061 | D:4      | Killed Robin
  3150 | D:4      | Reached skill level 5 in Fighting
  3150 | D:4      | Reached XP level 6. HP: 33/56 MP: 5/5
  3150 | D:4      | Noticed Natasha
  3163 | D:4      | Killed Natasha
  3358 | D:4      | Noticed Natasha
  3365 | D:4      | Killed Natasha
  4033 | D:4      | Noticed Eustachio
  4040 | D:4      | Killed Eustachio
  4041 | D:4      | Reached XP level 7. HP: 60/61 MP: 6/6
  4211 | D:5      | Entered Level 5 of the Dungeon
  4313 | D:5      | Noticed a two-headed ogre
  4709 | D:6      | Noticed Sigmund
  4722 | D:6      | Killed Sigmund
  4733 | D:6      | Reached XP level 8. HP: 60/68 MP: 7/7
  4752 | D:6      | Found a glowing drain.
  4760 | Sewer    | Entered a sewer
  5032 | Sewer    | Reached skill level 10 in Axes
  5583 | D:6      | Identified the amulet of Dishonesty {Faith rF+ Dex+5}
  5585 | D:6      | Identified the +10 plate armour of Nemelex Xobeh's Regard
                  | {rCorr Int+2}
  5852 | D:6      | Noticed a boulder beetle
  6138 | D:7      | Reached skill level 5 in Armour
  6302 | D:7      | Noticed a red ugly thing
  6314 | D:7      | Killed a red ugly thing
  6315 | D:7      | Reached XP level 9. HP: 48/74 MP: 8/8
  6651 | D:7      | Found a large runed translucent door.
  6651 | D:7      | Found a large runed translucent door.
  7027 | D:7      | Noticed Elsvaer's ghost (novice DECj)
  7053 | D:7      | Killed Elsvaer's ghost
  7211 | D:5      | Killed a two-headed ogre
  7575 | D:6      | Killed a boulder beetle
  7576 | D:6      | Reached XP level 10. HP: 55/81 MP: 9/9
  7709 | D:6      | Found a staircase to the Ecumenical Temple.
  7714 | Temple   | Entered the Ecumenical Temple
  7737 | Temple   | Became a worshipper of Warmaster Okawaru
  8339 | D:6      | Noticed Grinder
  8353 | D:6      | Killed Grinder
  8693 | D:8      | Reached skill level 15 in Axes
  8732 | D:8      | Found a flagged portal.
  8753 | Bailey   | Entered a bailey
  8799 | Bailey   | Reached * piety under Okawaru
  9194 | Bailey   | Noticed an orc warlord
 10136 | D:8      | Reached skill level 1 in Invocations
 10148 | D:8      | Reached ** piety under Okawaru
 10229 | D:8      | Found a staircase to the Lair.
 10234 | D:8      | Paralysed by a kobold for 5 turns
 10450 | D:9      | Noticed Pikel
 10462 | D:9      | Killed Pikel
 10463 | D:9      | Reached skill level 10 in Armour
 10559 | D:9      | Reached *** piety under Okawaru
 10733 | D:9      | Noticed a two-headed ogre
 10738 | D:9      | Killed a two-headed ogre
 10739 | D:9      | Reached XP level 11. HP: 86/86 MP: 12/12
 11000 | D:9      | Noticed Harold
 11014 | D:9      | Killed Harold
 11125 | D:9      | Noticed Maggie
 11131 | D:9      | Reached **** piety under Okawaru
 11137 | D:9      | Killed Maggie
 11272 | D:9      | Found Hyom's Assorted Antiques.
 11281 | D:9      | Bought a pair of glowing boots for 225 gold pieces
 11608 | Lair:1   | Entered Level 1 of the Lair of Beasts
 11648 | Lair:1   | Reached ***** piety under Okawaru
 11805 | Lair:1   | Reached skill level 5 in Invocations
 12123 | Lair:1   | Noticed Gastronok
 12150 | Lair:1   | Killed Gastronok
 12150 | Lair:1   | Identified the +2 hat of Ybexeme {rC+ rN+} (Okawaru gifted
                  | it to you on level 1 of the Lair of Beasts)
 12150 | Lair:1   | Received a gift from Okawaru
 12799 | Lair:2   | Found a staircase to the Snake Pit.
 12834 | Lair:2   | Reached XP level 12. HP: 85/103 MP: 16/16
 12861 | Lair:2   | Noticed Prince Ribbit
 12882 | Lair:2   | Killed Prince Ribbit
 12937 | Lair:2   | Found a dark tunnel.
 12942 | Volcano  | Entered a volcano
 13442 | Volcano  | Found a bloodstained altar of Trog.
 13639 | Volcano  | Reached ****** piety under Okawaru
 13639 | Volcano  | Received a gift from Okawaru
 13654 | Volcano  | Found the dreamshard necklace {*Dream Drain}
 13702 | Volcano  | Reached skill level 10 in Fighting
 13805 | Lair:2   | Noticed a six-headed hydra
 13815 | Lair:2   | Killed a nine-headed hydra
 14640 | Lair:3   | Found a runed translucent gate.
 14641 | Lair:3   | Found a runed translucent gate.
 14642 | Lair:3   | Found a runed translucent gate.
 14646 | Lair:3   | Noticed Geoveqybb's ghost (journeyman DgSk)
 14717 | Lair:3   | Received a gift from Okawaru
 14757 | Lair:3   | Found a viscous altar of Jiyva.
 14768 | Lair:3   | Reached XP level 13. HP: 107/116 MP: 10/18
 14793 | Lair:3   | Killed Geoveqybb's ghost
 14801 | Lair:3   | Identified the amulet of Quwameb {Faith Will++}
 14857 | Lair:3   | Found a staircase to the Swamp.
 16161 | Lair:4   | Reached skill level 15 in Armour
 16430 | Lair:4   | Reached skill level 10 in Invocations
 16619 | Lair:4   | Received a gift from Okawaru
 17332 | Lair:5   | Noticed Snorg
 17363 | Lair:5   | Reached skill level 5 in Dodging
 17373 | Lair:5   | Killed Snorg
 17979 | Lair:5   | Found a viscous altar of Jiyva.
 17980 | Lair:5   | Found a staircase to the Slime Pits.
 18428 | Lair:6   | Entered Level 6 of the Lair of Beasts
 18477 | Lair:6   | Reached XP level 14. HP: 129/129 MP: 20/20
 19109 | Lair:6   | Received a gift from Okawaru
 19652 | Lair:6   | Reached skill level 1 in Evocations
 20241 | D:10     | Entered Level 10 of the Dungeon
 20271 | D:10     | Found a staircase to the Orcish Mines.
 21159 | D:10     | Received a gift from Okawaru
 21204 | D:10     | Found a basalt altar of Yredelemnul.
 21288 | D:10     | Reached skill level 15 in Fighting
 21410 | Orc:1    | Entered Level 1 of the Orcish Mines
 21553 | Orc:1    | Found Xagug's General Store.
 21954 | Orc:2    | Entered Level 2 of the Orcish Mines
 22320 | Orc:2    | Reached XP level 15. HP: 117/141 MP: 21/21
 22320 | Orc:2    | Paralysed by an orc sorcerer for 5 turns
 22575 | Orc:2    | Found a staircase to the Elven Halls.
 22707 | Orc:2    | Noticed an orc warlord
 22739 | Orc:2    | Killed an orc warlord
 22739 | Orc:2    | Received a gift from Okawaru
 22772 | Orc:2    | Noticed Urug
 22780 | Orc:2    | Killed Urug
 23530 | Orc:2    | Found Podgh's Distillery.
 23673 | Orc:2    | Found Onuephugh's Book Shoppe.
 24176 | Orc:2    | Found Azuamuw's Weapon Shop.
 24272 | Orc:2    | Received a gift from Okawaru
 24277 | Orc:2    | Found Fyhuthro's Book Emporium.
 24598 | Orc:1    | Found a transporter.
 24609 | Orc:1    | Noticed Elsvaer's ghost (journeyman DECj)
 24610 | Orc:1    | Found a transporter.
 24619 | Orc:1    | Identified the +6 great mace of the Unliving {vorpal, Drain
                  | rCorr Str+4}
 24773 | Orc:1    | Reached skill level 10 in Dodging
 24778 | Orc:1    | Killed Elsvaer's ghost
 24955 | D:11     | Noticed Erica
 24971 | D:11     | Killed Erica
 25022 | D:11     | Reached skill level 5 in Evocations
 25295 | D:11     | Noticed Josephine
 25314 | D:11     | Killed Josephine
 25314 | D:11     | Identified the +1 hat "Methaaqi" {Slay+2} (Okawaru gifted
                  | it to you on level 11 of the Dungeon)
 25314 | D:11     | Received a gift from Okawaru
 26543 | D:12     | Noticed Frances
 26559 | D:12     | Killed Frances
 27618 | D:13     | Noticed Nessos
 27636 | D:13     | Killed Nessos
 28446 | D:14     | Found a gate to the Vaults.
 28498 | D:14     | Found a frozen archway.
 28526 | D:14     | HP: 4/147 [spriggan defender simulacrum (22)]
 28954 | D:14     | Reached XP level 16. HP: 155/156 MP: 22/22
 29380 | D:14     | Identified the +0 buckler of Aplomoxt {rN++ Regen+ Int-4
                  | Slay+3} (Okawaru gifted it to you on level 14 of the
                  | Dungeon)
 29380 | D:14     | Received a gift from Okawaru
 29484 | D:14     | Found a portal to a secret trove of treasure.
 29717 | D:14     | Found a glowing silver altar of Zin.
 29743 | D:15     | Entered Level 15 of the Dungeon
 29916 | D:15     | Found a staircase to the Depths.
 29943 | D:15     | Found a hide-covered altar of Uskayaw.
 29949 | D:15     | Found the +15 Maxwell's patent armour {-Cast -Tele rElec
                  | Will+ rCorr}
 29972 | D:15     | Reached skill level 1 in Crossbows
 30494 | D:15     | Received a gift from Okawaru
 30826 | Swamp:1  | Entered Level 1 of the Swamp
 31069 | Swamp:1  | Reached skill level 5 in Crossbows
 31311 | Swamp:1  | Noticed a tentacled monstrosity
 31332 | Swamp:1  | Killed a tentacled monstrosity
 31502 | Swamp:2  | Received a gift from Okawaru
 31670 | Arena    | Entered the Arena
 32222 | Swamp:2  | Received a gift from Okawaru
 32661 | Swamp:3  | Received a gift from Okawaru
 32763 | Swamp:3  | Reached XP level 17. HP: 155/168 MP: 23/23
 33125 | Swamp:3  | Reached skill level 5 in Shields
 33405 | Swamp:4  | Entered Level 4 of the Swamp
 33411 | Swamp:4  | Noticed a tentacled monstrosity
 33420 | Swamp:4  | Killed a tentacled monstrosity
 33422 | Swamp:4  | Noticed a tentacled monstrosity
 33439 | Swamp:4  | Killed a tentacled monstrosity
 33676 | Swamp:4  | Noticed a tentacled monstrosity
 33702 | Swamp:4  | Killed a tentacled monstrosity
 33722 | Swamp:4  | Gained mutation: Your body sometimes deteriorates upon
                  | taking damage. [a neqoxec]
 33793 | Swamp:4  | Noticed a tentacled monstrosity
 33794 | Swamp:4  | Noticed a tentacled monstrosity
 33913 | Swamp:3  | Killed a tentacled monstrosity
 33944 | Swamp:3  | Received a gift from Okawaru
 33974 | Swamp:4  | Received a gift from Okawaru
 33975 | Swamp:4  | Killed a tentacled monstrosity
 33991 | Swamp:4  | Received a gift from Okawaru
 34334 | Swamp:4  | Noticed Louise
 34346 | Swamp:4  | Killed Louise
 34420 | Swamp:4  | Received a gift from Okawaru
 34657 | Swamp:4  | Got a decaying rune of Zot
 35222 | Elf:1    | Entered Level 1 of the Elven Halls
 35377 | Elf:1    | Identified the +1 ring mail "Qocyaq" {rF+ rCorr Str+4 Dex-5
                  | SInv} (Okawaru gifted it to you on level 1 of the Elven
                  | Halls)
 35377 | Elf:1    | Received a gift from Okawaru
 35647 | Elf:1    | Paralysed by an air elemental for 1 turns
 35655 | Elf:1    | Reached XP level 18. HP: 153/178 MP: 24/24
 35850 | Elf:1    | Paralysed by an air elemental for 1 turns
 36130 | Elf:1    | Paralysed by an air elemental for 1 turns
 36322 | Elf:1    | Identified the +2 scale mail of the Invisible Hand {Will++}
                  | (Okawaru gifted it to you on level 1 of the Elven Halls)
 36322 | Elf:1    | Received a gift from Okawaru
 36455 | Elf:1    | Got the Guide on Aerial Arcane Weapons
 36458 | Elf:1    | Got the Collected Works on Supportive Attacks
 36466 | Elf:1    | Identified the ring "Zuboaz" {+Blink rPois rC+ rN+ Str-2}
 36471 | Elf:1    | Identified the +4 scimitar "Tomp" {flame, rCorr}
 36489 | Elf:1    | Identified the +10 hand axe "Kehuacvou" {venom, rC+ Int+4}
 36960 | Snake:1  | Entered Level 1 of the Snake Pit
 37307 | Snake:1  | Reached skill level 10 in Crossbows
 38393 | Snake:2  | Noticed Saint Roka
 38414 | Snake:2  | Killed Saint Roka
 38806 | Snake:2  | Reached skill level 10 in Shields
 39092 | Snake:2  | Identified the +0 pair of boots of Alavviguha {-Cast +Inv
                  | rF- Regen+} (Okawaru gifted it to you on level 2 of the
                  | Snake Pit)
 39092 | Snake:2  | Received a gift from Okawaru
 39096 | Snake:2  | Noticed Asterion
 39119 | Snake:2  | Killed Asterion
 39129 | Snake:2  | Mangled by a naga

Illustrated notes

Levels and vault maps discovered:
D:1:      moated_graveyard_arrival, layout_basic, serial_shops, shop,
          shapermc_ecumenical_altar_hornbeckon, serial_corexii_hall,
          chequers_hall_statues_y, chequers_hall_statues_y, supply_closet_lemuel
D:2:      layout_loops_cross, basic_altar
D:3:      layout_basic
D:4:      layout_cave_pods, uniq_eustachio, uniq_robin, uniq_natasha
D:5:      layout_loops_cross, minmay_misc_feat_doors,
          minmay_fractal_squares_gapless_5
D:6:      layout_loops_cross, minmay_temple_entry_glassed_door,
          gup_sewer_entry_bubbles, hellmonk_bongcloud_opening, minivault_22,
          uniq_sigmund, uniq_grinder
D:7:      layout_basic, ebering_ghost_disaster_area,
          eino_small_chamber_without_monster, solitary_fountain, nrook_campfire
D:8:      wad_lake_hut, layout_basic, enter_bailey_3
D:9:      layout_basic, serial_shops, nicolae_shop_overgrown_old_shop,
          uniq_pikel, uniq_maggie, uniq_harold
D:10:     layout_roguey, lemuel_mausoleum_altar_yredelemnul, david_orc_5
D:11:     layout_long_grid, uniq_erica, uniq_josephine
D:12:     layout_loops_cross, uniq_frances
D:13:     layout_stronghold, uniq_nessos
D:14:     layout_rooms, david_vaults_4, nicolae_trove_entry_crossroad,
          portal_ice_cave_entry_ice_simulacra, serial_undead, serial_undead_a,
          serial_undead_a, serial_undead_f, serial_undead_c, serial_undead_c,
          serial_undead_e, zin_angel
D:15:     hangedman_depths_entry_civil_slaughter, layout_rooms,
          nicolae_uskayaw_en_pointe, dreamdust_deal_with_the_devil, minivault_7
Temple:   roderic_octagonal_lattice_temple
Lair:1:   layout_roguey, nicolae_quartered_pool_super, uniq_gastronok
Lair:2:   layout_loops_ring, minmay_snake_entry_six_corridors, enter_volcano_4,
          grunt_megastairs_5, serial_bayou_shore_a, uniq_prince_ribbit2
Lair:3:   layout_long_grid, skrybe_swamp_entry_bodies, gammafunk_ghost_ooze,
          serial_bayou_shore_b, serial_bayou_shore_b, grunt_megastairs_3
Lair:4:   layout_long_grid, serial_bayou, serial_bayou_pond_b,
          serial_bayou_pond_a, serial_bayou_pond_d, serial_bayou_lagoon_a
Lair:5:   layout_roguey, slime_altar_1, lemuel_fruit_tree, grunt_megastairs_2,
          uniq_snorg
Lair:6:   hangedman_lair_caniforms_friends, layout_hall_layers,
          hangedman_lair_in_review
Swamp:1:  cheibrodos_swamp_monstrosity, layout_basic_swamp,
          evilmike_swamp_ruin_house_2
Swamp:2:  layout_basic_swamp, hangedman_swamp_ruin_wall,
          infiniplex_staircase_pool
Swamp:3:  nicolae_swamp_decorative_isthmus, layout_falls_marsh,
          evilmike_swamp_ruin_house_3, nicolae_swamp_bloodsuckers_inc
Swamp:4:  nzn_swamp_witches_coven, layout_basic_swamp, uniq_louise
Snake:1:  layout_layer_cave
Snake:2:  layout_honeycomb, uniq_saint_roka, uniq_asterion
Orc:1:    cheibrodos_orc_arena, layout_diamond_mine, gammafunk_ghost_smash,
          serial_shops, shop_fountains
Orc:2:    pubby_orc_utopia, uniq_urug
Elf:1:    minmay_the_grid_4x2 [minmay_the_grid_embedded,
          minmay_the_grid_holed_spiral, minmay_the_grid_pillar_ring,
          minmay_the_grid_aliased_spiral, minmay_the_grid_doors,
          minmay_the_grid_eight, minmay_the_grid_broken_lines,
          minmay_the_grid_prize_trominoes], layout_geoelf_grid,
          hangedman_elf_disciples, st_stairs_10,
          minmay_checkered_concentric_circles

Skill      XL: |  1  2  3  4  5  6  7  8  9 10 11 12 13 14 15 16 17 18 |
---------------+-------------------------------------------------------+-----
Axes           | 3 4 5 7 9 12 14 16 17 18 | 18.0
Fighting       | 4 5 8 11 13 15 17 19 20 | 20.7
Armour         | 4 6 8 10 12 14 16 17 18 19 20 | 20.8
Shields        | 4 8 10 | 10.1
Dodging        | 1 2 3 4 6 9 10 12 13 14 | 14.4
Invocations    | 3 6 9 10 | 10.0
Evocations     | 3 5 |  5.0
Crossbows      | 7 8 11 | 11.1

Action                   |  1- 3 |  4- 6 |  7- 9 | 10-12 | 13-15 | 16-18 || total
-------------------------+-------+-------+-------+-------+-------+-------++-------
Melee: War axe           |    80 |   102 |   245 |   633 |  1542 |   314 ||  2916
       Headbutt          |    15 |    13 |    43 |   139 |   467 |   379 ||  1056
       Demon trident     |       |       |       |       |     3 |   154 ||   157
       Broad axe         |       |       |       |       |       |   790 ||   790
Throw: Javelin           |       |       |     2 |       |       |       ||     2
Invok: Heroism           |       |       |       |     2 |     3 |     3 ||     8
       Finesse           |       |       |       |     2 |     2 |     3 ||     7
       Duel              |       |       |       |       |       |     1 ||     1
Evoke: Wand              |       |     1 |     1 |       |       |     4 ||     6
  Use: Scroll            |     4 |       |     7 |     7 |    12 |    15 ||    45
 Stab: Sleeping          |       |     1 |       |       |       |       ||     1
Armor: Scale mail        |    13 |       |       |       |       |       ||    13
       Leather armour    |    25 |    22 |    17 |       |       |       ||    64
       Plate armour      |       |       |    50 |   278 |   734 |   748 ||  1810
Dodge: Dodged            |    38 |    44 |   113 |   242 |   878 |   797 ||  2112
Block: Buckler           |    21 |    20 |    40 |    97 |   298 |   280 ||   756
